Map: Vaani Research Station (Void)

Players

Fropez - Winner!

  • Race: Protoss Protoss
  • League: Gold
  • Spawn Location: 6:00

Governor

  • Race: Protoss Protoss
  • League: Gold
  • Spawn Location: 12:00

VOD

Have the link to the VOD?

Description

Time

  • Played on: Dec. 6, 2016, 12:14 p.m.
  • Length: 87:09
Show
View Real Time Build Order
Export as new Build Order

Fropez Protoss - Winner!

Build Orders: 1 Gate Expand 

Get SALT Encoding   

  12  0:01  Probe (Chrono Boost)  
  13  0:11  Probe (Chrono Boost)  
  14  0:20  Pylon  
  14  0:22  Probe (Chrono Boost)  
  15  0:31  Assimilator  
  15  0:38  Probe (Chrono Boost)  
  16  0:44  Gateway  
  16  0:49  Probe (Chrono Boost)  
  17  0:59  Probe (Chrono Boost)  
  18  1:24  Nexus  
  18  1:28  Probe (Chrono Boost)  
  19  1:41  Probe (Chrono Boost), Cybernetics Core  
  20  1:47  Assimilator  
  20  1:54  Pylon  
  21  2:18  Mothership Core (Chrono Boost)  
  21  2:19  Stalker  
  24  2:23  Warp Gate (Chrono Boost)  
  24  2:36  Probe (Chrono Boost)  
  25  2:38  Pylon, Gateway  
  25  2:40  Probe (Chrono Boost)  
  26  2:52  Pylon, Probe (Chrono Boost)  
  26  2:57  Probe (Chrono Boost)  
  28  3:07  Stalker  
  28  3:08  Probe (Chrono Boost)  
  28  3:09  Probe (Chrono Boost)  
  31  3:19  Probe (Chrono Boost)  
  32  3:22  Probe (Chrono Boost)  
  32  3:26  Stalker  
  34  3:36  Pylon  
  34  3:37  Stalker  
  34  3:38  Pylon  
  37  3:41  Probe (Chrono Boost)  
  37  3:45  Probe (Chrono Boost)  
  38  3:48  Assimilator  
  38  4:00  Robotics Facility  
  38  4:01  Probe (Chrono Boost)  
  38  4:02  Probe (Chrono Boost)  
  40  4:21  Pylon  
  40  4:35  Gateway  
  40  4:38  Probe  
  40  4:39  Gateway  
  40  4:40  Probe  
  42  4:47  Observer (Chrono Boost)  
  43  4:54  Probe  
  43  4:56  Twilight Council, Probe  
  43  4:58  Stalker  
  43  4:59  Stalker  
  49  5:01  Gateway  
  49  5:05  Probe  
  49  5:06  Pylon  
  50  5:11  Probe  
  51  5:15  Probe, Assimilator  
  51  5:17  Warp Prism (Chrono Boost)  
  54  5:31  Probe x2  
  54  5:33  Blink (Chrono Boost)  
  56  5:47  Stalker x2  
  61  5:50  Probe x2  
  62  5:57  Dark Shrine  
  62  5:58  Pylon  
  62  6:02  Probe x2  
  64  6:20  Adept x4  
  72  6:28  Probe x2  
  74  6:40  Probe x2  
  76  6:54  Stalker x4  
  75  7:51  Immortal  
  75  7:53  Dark Templar x4  
  87  8:08  Nexus  
  87  8:14  Forge  
  87  8:16  Probe  
  87  8:17  Probe, Forge  
  87  8:19  Gateway  
  89  8:22  Gateway  
  89  8:24  Gateway  
  89  8:26  Nexus  
  89  8:27  Gateway  
  89  8:28  Probe  
  89  8:30  Pylon, Immortal  
  90  8:34  Pylon  
  94  8:45  Pylon  
  94  8:47  Pylon  
  94  8:50  Pylon x2  
  94  8:52  Pylon  
  95  8:55  Probe x2  
  94  9:47  Dark Templar x5  
  94  10:15  Probe  
  94  10:17  Probe  
  96  10:21  Protoss Ground Weapons Level 1 (Chrono Boost), Protoss Ground Armor Level 1 (Chrono Boost)  
  94  10:35  Probe  
  88  10:36  Probe  
  90  10:48  Dark Templar x3  
  90  10:49  Dark Templar x6  
  96  11:21  Probe  
  96  11:24  Probe x2  
  96  11:25  Probe  
  100  11:28  Immortal  
  100  11:32  Probe  
  105  11:40  Dark Templar x3  
  101  12:06  Dark Templar x2  
  94  12:11  Zealot x2  
  94  12:12  Zealot x5  
  84  12:40  Mothership Core  
  78  12:49  Stalker x5  
  78  12:50  Stalker x2  
  92  12:52  Observer (Chrono Boost)  
  92  12:55  Pylon  
  81  13:15  Dark Templar x2  
Show
View Real Time Build Order
Export as new Build Order

Governor Protoss 

Build Orders: Zealot Archon 

Get SALT Encoding   

  12  0:01  Probe (Chrono Boost)  
  13  0:11  Probe (Chrono Boost)  
  14  0:18  Pylon  
  14  0:22  Probe (Chrono Boost)  
  15  0:37  Probe (Chrono Boost), Gateway  
  16  0:43  Assimilator  
  16  0:47  Probe (Chrono Boost)  
  17  0:52  Assimilator  
  17  0:58  Probe (Chrono Boost)  
  18  1:10  Gateway  
  18  1:12  Probe (Chrono Boost)  
  19  1:23  Probe (Chrono Boost)  
  19  1:24  Cybernetics Core  
  20  1:34  Pylon, Probe (Chrono Boost)  
  21  1:54  Probe (Chrono Boost)  
  22  2:01  Adept (Chrono Boost)  
  22  2:04  Warp Gate  
  22  2:05  Adept (Chrono Boost)  
  26  2:18  Probe  
  27  2:36  Stalker (Chrono Boost)  
  29  2:42  Adept (Chrono Boost)  
  31  3:18  Probe  
  30  3:25  Nexus  
  28  3:30  Probe  
  29  3:37  Pylon  
  31  3:42  Probe  
  31  3:47  Twilight Council  
  30  3:49  Robotics Facility  
  30  3:52  Pylon  
  30  3:54  Probe (Chrono Boost)  
  31  4:05  Nexus  
  31  4:10  Probe (Chrono Boost)  
  31  4:14  Gateway  
  32  4:18  Sentry  
  32  4:21  Probe (Chrono Boost)  
  36  4:31  Probe (Chrono Boost)  
  36  4:32  Assimilator  
  36  4:36  Assimilator  
  36  4:37  Observer  
  37  4:42  Probe (Chrono Boost), Charge (Chrono Boost)  
  38  4:50  Templar Archives  
  38  4:59  Mothership Core  
  40  5:13  Zealot x2  
  44  5:15  Probe  
  44  5:20  Pylon  
  45  5:23  Probe  
  45  5:24  Psionic Storm  
  45  5:25  Probe  
  45  5:27  Observer  
  48  5:36  Probe  
  49  5:47  Probe x2  
  49  5:48  Probe  
  52  5:54  High Templar  
  54  5:57  Probe x2  
  54  6:00  Probe  
  57  6:08  Pylon, Probe  
  58  6:35  Probe x2  
  58  6:36  Probe  
  61  6:42  High Templar x3  
  61  6:45  Probe x2  
  68  6:48  Probe  
  68  6:49  Gateway  
  68  6:50  Assimilator  
  68  6:51  Gateway  
  68  6:53  Assimilator, Gateway  
  69  7:00  Probe (Chrono Boost)  
  67  7:08  Immortal  
  63  7:11  Probe x2 (Chrono Boost)  
  61  7:18  High Templar x2  
  61  7:25  Archon  
  61  7:27  Zealot  
  57  7:59  Probe x3 (Chrono Boost)  
  57  8:05  Zealot x5  
  66  8:09  Probe (Chrono Boost)  
  71  8:20  Probe (Chrono Boost)  
  72  8:31  Probe (Chrono Boost)  
  73  8:41  High Templar x3, Probe (Chrono Boost)  
  74  8:43  Zealot x2  
  84  8:52  Archon  
  84  9:11  Pylon x2  
  84  9:12  Pylon  
  84  9:13  Pylon  
  84  9:15  Zealot x3  
  64  9:51  Zealot x3  
  56  12:06  Nexus  
  27  12:47  Nexus  
Tags
 
Add a new tag
Caveats
  • Supply blocks, unpowered buildings, or Contaminate may cause inaccurate times.
  • Supply counts are checked every 10 seconds.